 Dungeon Crawl Stone Soup version 0.20.0-15-g7f486f2 (webtiles) character file.

5657 Szpachlarz the Cleaver (level 10, -3/93 HPs)
             Began as a Minotaur Berserker on June 14, 2017.
             Was an Elder of Trog.
             Slain by a two-headed ogre
             ... wielding a +0 giant spiked club
              (6 damage)
             ... on level 9 of the Dungeon.
             The game lasted 00:42:34 (8673 turns).

Szpachlarz the Cleaver (Minotaur Berserker)         Turns: 8673, Time: 00:42:35

Health: -3/93      AC: 13    Str: 22      XL:     10   Next: 46%
Magic:  9/9        EV: 12    Int:  4      God:    Trog [****..]
Gold:   152        SH:  0    Dex: 11 (13) Spells: 9/9 levels left

rFire    . . .     SeeInvis .   S - +1 battleaxe (freeze)
rCold    . . .     Gourm    .   (shield currently unavailable)
rNeg     . . .     Faith    .   I - +0 plate armour
rPois    .         Spirit   .   (helmet restricted)
rElec    .         Reflect  .   (no cloak)
rCorr    .         Harm     .   J - +0 pair of gloves
MR       .....                  g - +0 pair of boots
Stlth    ..........             w - amulet of rage
Regen    0.3/turn               M - +4 ring of evasion
MPRegen  0.2/turn               (no ring)

@: corroded
A: retaliatory headbutt, horns 2
a: Berserk, Trog's Hand, Brothers in Arms, Burn Spellbooks, Renounce Religion,
Evoke Berserk Rage


You were on level 9 of the Dungeon.
You worshipped Trog.
Trog was greatly pleased with you.
You were not hungry.

You visited 2 branches of the dungeon, and saw 10 of its levels.

You collected 482 gold pieces.
You spent 330 gold pieces at shops.

Inventory:

Hand Weapons
 o - a +0 hunting sling
 s - a +0 blowgun
 u - a +3 quarterstaff of chaos
 v - a +1 falchion of slicing
 E - a +1 flail of protection
 S - a +1 battleaxe of freezing (weapon)
 T - a +2 battleaxe
 U - a +5 war axe
 V - a +3 long sword
Missiles
 d - 202 stones (quivered)
 e - 83 bolts
 f - 17 poisoned needles
 N - 4 poisoned javelins
Armour
 g - a +0 pair of boots (worn)
 D - a +0 troll leather armour
 I - a +0 plate armour (worn)
 J - a +0 pair of gloves (worn)
Magical Staves
 Q - an uncursed staff of power {unknown}
Jewellery
 w - an amulet of rage (around neck)
 M - a +4 ring of evasion (left hand)
Wands
 a - a wand of clouds (2/9)
 b - a wand of flame (36/48)
 x - a wand of polymorph (8/24)
 K - a wand of polymorph (10/24)
 O - a wand of paralysis (10/24)
Scrolls
 i - a scroll of teleportation
 l - a scroll of magic mapping {unknown}
 m - 2 scrolls of noise
 n - a scroll of blinking
 p - 2 scrolls of recharging
 r - 2 scrolls of enchant weapon
 B - a scroll of remove curse {unknown}
 C - a scroll of random uselessness {unknown}
 F - a scroll of amnesia {unknown}
Potions
 h - 2 potions of haste
 j - a potion of invisibility
 k - a potion of heal wounds
 q - a potion of lignification {unknown}
 z - 2 potions of curing
 A - a potion of flight {unknown}
 P - a potion of brilliance {unknown}
 R - a potion of agility {unknown}
Miscellaneous
 y - a lightning rod (4/4)
Comestibles
 c - 2 bread rations
 t - 10 chunks of flesh
 H - 3 royal jellies
 L - 2 meat rations


   Skills:
 + Level 9.9 Fighting
 + Level 12.8 Axes
 + Level 9.9 Armour
 + Level 3.9 Dodging
 + Level 0.6 Stealth


You had 9 spell levels left.
You didn't know any spells.

Dungeon Overview and Level Annotations

Branches:
Dungeon (9/15)             Temple (1/1) D:4
   Lair: D:8-11         Orc: D:9-12

Altars:
Ashenzari
Cheibriados
Dithmenos
Elyvilon
Fedhas
Gozag
Hepliaklqana
Kikubaaqudgha
Makhleb
Nemelex Xobeh
Okawaru
Qazlal
Ru
Sif Muna
Trog
Uskayaw
Vehumet
Xom
Yredelemnul
Zin
The Shining One

Shops:
D:6 [   D:7 *


Innate Abilities, Weirdness & Mutations

You reflexively headbutt those who attack you in melee.
You have a pair of horns on your head.


Message History

The jelly hits you.
* * * LOW HITPOINT WARNING * * *
The acid corrodes you!
You are splashed with acid!
The acid burns!
* * * LOW HITPOINT WARNING * * *
The two-headed ogre barely misses you.
The two-headed ogre hits you with a dire flail.
* * * LOW HITPOINT WARNING * * *
The jelly closely misses you.
The two-headed ogre hits you with a giant spiked club.
* * * LOW HITPOINT WARNING * * *
The two-headed ogre hits you with a dire flail.
* * * LOW HITPOINT WARNING * * *
The jelly misses you.
The two-headed ogre closely misses you. x2
The jelly hits you but does no damage.
You feel much better. The jelly completely misses you.
The two-headed ogre hits you with a giant spiked club!!
* * * LOW HITPOINT WARNING * * *
The two-headed ogre hits you with a dire flail.
You die...

<....#
.#.........#.#....#####
...###
#...........#..###
.#...#
####..........###.#
####.... .............#
#.# #### #.........##
#.# #.........# #.#
##.........#
##^...OJ....#
#######.>....@....# #
#....##.).>.......# .#
#....##..#.......## .#
#........##.....## ##
#....##...#######
#.........#
####.....#.#.#
....###..#.#...
###.###..#.#..##


You could see a two-headed ogre and a jelly.

Vanquished Creatures
  A two-headed ogre (D:9)
  A gargoyle (D:8)
  A troll (D:9)
  Grinder (D:4)
  A hippogriff (D:7)
  A wyvern (D:8)
  A water moccasin (D:8)
  2 sky beasts
  3 phantoms
  An orc warrior (D:7)
  A black bear (D:7)
  2 ice beasts
  3 ogres
  2 centaurs
  A big kobold (D:7)
  2 bullfrogs
  A wyvern zombie (D:9)
  3 scorpions
  4 killer bees (D:7)
  8 wights (D:8)
  5 crimson imps
  A bullfrog zombie (D:5)
  2 jellies
  2 quasits
  8 orc wizards
  Crazy Yiuf (D:4)
  4 orc priests
  A hound (D:4)
  4 bullfrog skeletons
  2 centaur skeletons
  4 iguanas
  8 worker ants
  A hound skeleton (D:8)
  A howler monkey zombie (D:8)
  A worker ant zombie (D:5)
  3 gnolls (D:5)
  12 adders
  3 shadow imps
  An ooze (D:5)
  3 adder zombies
  A worm (D:3)
  6 leopard geckos
  20 orcs
  3 ball pythons
  6 giant cockroaches
  6 hobgoblins
  2 jackals (D:9)
  5 quokkas
  9 bats
  7 frilled lizards
  5 goblins
  14 kobolds
  2 leopard gecko skeletons
  A quokka skeleton (D:9)
  7 rats
201 creatures vanquished.

Notes
Turn   | Place    | Note
-------+----------+-------------------------------------------
     0 | D:1      | Szpachlarz the Minotaur Berserker began the quest for the Orb.
     0 | D:1      | Reached XP level 1. HP: 19/19 MP: 0/0
   304 | D:1      | Reached XP level 2. HP: 27/27 MP: 1/1
   399 | D:1      | Reached skill level 4 in Axes
   844 | D:2      | Reached ** piety under Trog
   935 | D:2      | Reached XP level 3. HP: 33/33 MP: 2/2
  1789 | D:3      | Reached XP level 4. HP: 39/41 MP: 3/3
  2293 | D:3      | Reached skill level 5 in Axes
  2459 | D:3      | Reached XP level 5. HP: 47/47 MP: 4/4
  3059 | D:4      | Reached skill level 5 in Fighting
  3124 | D:4      | Reached *** piety under Trog
  3147 | D:4      | Reached XP level 6. HP: 56/56 MP: 5/5
  3178 | D:4      | Found a staircase to the Ecumenical Temple.
  3196 | D:4      | Reached skill level 6 in Axes
  3238 | Temple   | Entered the Ecumenical Temple
  3749 | D:4      | Reached skill level 7 in Axes
  3891 | D:4      | Reached XP level 7. HP: 52/61 MP: 6/6
  3979 | D:4      | Found a runed door.
  3983 | D:4      | Noticed Crazy Yiuf
  3988 | D:4      | Killed Crazy Yiuf
  4085 | D:4      | Noticed Grinder
  4093 | D:4      | Paralysed by Grinder for 5 turns
  4353 | D:4      | Killed Grinder
  4353 | D:4      | Reached skill level 5 in Armour
  4502 | D:5      | Entered Level 5 of the Dungeon
  4788 | D:5      | Reached skill level 8 in Axes
  4903 | D:5      | Reached XP level 8. HP: 58/71 MP: 7/7
  5310 | D:5      | Reached skill level 9 in Axes
  5692 | D:6      | Found a glowing golden altar of the Shining One.
  5811 | D:6      | Found Iguteg's Armour Boutique.
  5820 | D:6      | Bought a +0 plate armour for 276 gold pieces
  5820 | D:6      | Bought a +0 pair of gloves for 54 gold pieces
  6523 | D:7      | Found Wiabumos's Assorted Antiques.
  6641 | D:7      | Reached skill level 10 in Axes
  6652 | D:7      | Reached **** piety under Trog
  6652 | D:7      | Reached XP level 9. HP: 64/79 MP: 8/8
  6919 | D:7      | Received a gift from Trog
  7637 | D:8      | Reached skill level 11 in Axes
  7807 | D:8      | Noticed a gargoyle
  8125 | D:8      | Killed a gargoyle
  8125 | D:8      | Reached skill level 12 in Axes
  8125 | D:8      | Reached XP level 10. HP: 91/91 MP: 9/9
  8522 | D:9      | Noticed a two-headed ogre
  8530 | D:9      | Killed a two-headed ogre
  8601 | D:9      | Noticed a two-headed ogre
  8673 | D:9      | HP: 3/93 [two-headed ogre/giant spiked club (26)]
  8673 | D:9      | Slain by a two-headed ogre

Skill      XL: |  1  2  3  4  5  6  7  8  9 |
---------------+----------------------------+-----
Fighting       | 4 5 6 7 9 |  9.9
Axes           | 4 5 7 8 10 12 | 12.8
Armour         | 3 4 6 7 9 |  9.9
Dodging        | 3 |  3.9
Stealth        | |  0.6

Action                   |  1- 3 |  4- 6 |  7- 9 | 10-12 || total
-------------------------+-------+-------+-------+-------++-------
Melee: Hand axe          |    82 |    38 |       |       ||   120
       Headbutt          |    13 |    16 |    65 |     7 ||   101
       War axe           |       |    82 |   279 |       ||   361
       Battleaxe         |       |       |    44 |    54 ||    98
Invok: Berserk           |       |       |     4 |     1 ||     5
  Use: Scroll            |       |     8 |     5 |     2 ||    15
       Potion            |       |       |       |     1 ||     1
  Eat: Chunk             |     2 |     1 |     9 |     3 ||    15
       Bread ration      |     1 |       |     1 |       ||     2
       Meat ration       |       |     1 |       |       ||     1
Armor: Animal skin       |     1 |       |       |       ||     1
       Scale mail        |    49 |    14 |       |       ||    63
       Chain mail        |       |    67 |    54 |       ||   121
       Plate armour      |       |       |   172 |    55 ||   227
Dodge: Dodged            |    50 |    53 |   145 |    76 ||   324
